 Dungeon Crawl Stone Soup version 0.22.0-18-ge075c0d (webtiles) character file.

9 Lew the Skirmisher (level 2, 0/24 HPs)
             Began as a Demonspawn Abyssal Knight on Aug 18, 2018.
             Was a Follower of Lugonu.
             Slain by a bat (1 damage)
             ... on level 1 of the Dungeon.
             The game lasted 00:02:41 (466 turns).

Lew the Skirmisher (Demonspawn Abyssal Knight)       Turns: 466, Time: 00:02:42

Health: 0/24       AC:  3    Str: 14    XL:     2   Next: 3%
Magic:  4/4        EV: 11    Int: 13    God:    Lugonu [*.....]
Gold:   0          SH:  0    Dex: 12    Spells: 1/1 levels left

rFire    . . .     SeeInvis .   a - +1 falchion
rCold    . . .     Gourm    .   (no shield)
rNeg     . . .     Faith    .   b - +0 leather armour
rPois    +         Spirit   .   (no helmet)
rElec    .         Reflect  .   (no cloak)
rCorr    .         Harm     .   (no gloves)
MR       .....     Clarity  +   (no boots)
Stlth    +.........             (no amulet)
HPRegen  0.08/turn              (no ring)
MPRegen  0.09/turn              (no ring)

@: no status effects
A: claws 1, talons 1, clarity, poison resistance, strong 1
a: Depart the Abyss, Renounce Religion


You were on level 1 of the Dungeon.
You worshipped Lugonu.
Lugonu was aware of your devotion.
You were not hungry.

You visited 1 branch of the dungeon, and saw 1 of its levels.
You visited the Abyss 1 time.

Inventory:

Hand Weapons
 a - a +1 falchion (weapon)
Armour
 b - a +0 leather armour (worn)
Scrolls
 d - a scroll of identify
 f - a scroll of remove curse
Comestibles
 c - a ration


   Skills:
 + Level 3.1 Fighting
 + Level 1.9 Long Blades
 + Level 1.9 Armour
 + Level 1.1 Dodging
 + Level 2.6 Invocations


You had one spell level left.
You didn't know any spells.
Your spell library was empty.

Dungeon Overview and Level Annotations

Branches:
Dungeon (1/15)

Altars:


Innate Abilities, Weirdness & Mutations

You have sharp toenails.
You have sharp fingernails.
You possess an exceptional clarity of mind.
Your system is resistant to poisons. (rPois)
Your muscles are strong. (Str +2)


Message History

Unknown command.
You aren't carrying any potions.
Okay, then.
You closely miss the jackal.
The jackal is moderately wounded.
The bat barely misses you.
You riposte.
You closely miss the bat. The jackal closely misses you.
You riposte.
You hit the jackal.
You kill the jackal!
Lugonu accepts your kill.
You have reached level 2!
Your demonic ancestry asserts itself...
Your toenails lengthen and sharpen.
The jackal bites you.
* * * LOW HITPOINT WARNING * * *
The kobold hits you.
* * * LOW HITPOINT WARNING * * *
You completely miss the jackal.
The jackal is moderately wounded.
The bat hits you.
You die...

..............#...
#....#............
#....#.........#.. #
#...............#. ..
###...).............
...###..........†..#.###
.......#....#....#)#...
.......#b........#.#.###
.......h@.....####.....#>
#......K###...# #.......
#.......# #...####..#....
#.......# ######......##.
#.......# #.#....#
........# ###.######
........# ####.8.8.####
........###.8.......8.#
#....[..........


You could see a jackal, a bat and a kobold.

Vanquished Creatures
  A goblin (D:1)
  3 jackals (D:1)
  A kobold (D:1)
  2 bats (D:1)
  A frilled lizard (D:1)
8 creatures vanquished.

Notes
Turn   | Place    | Note
-------+----------+-------------------------------------------
     0 | Abyss:1  | Lew the Demonspawn Abyssal Knight began the quest for the Orb.
     0 | Abyss:1  | Reached XP level 1. HP: 18/18 MP: 2/2
    21 | Abyss:1  | Found a corrupted altar of Lugonu.
    68 | Abyss:1  | Noticed a ynoxinul
    80 | Abyss:1  | Noticed a spatial vortex
    80 | Abyss:1  | Noticed a spatial maelstrom
    81 | Abyss:1  | Noticed a spatial vortex
    81 | Abyss:1  | Noticed a spatial vortex
    81 | Abyss:1  | Noticed a spatial vortex
    82 | Abyss:1  | Noticed a spatial vortex
    82 | Abyss:1  | Noticed a spatial vortex
   141 | Abyss:1  | Noticed an orange demon
   354 | Abyss:1  | Noticed a daeva
   368 | Abyss:1  | Noticed a large abomination
   371 | Abyss:1  | Gained mutation: You possess an exceptional clarity of mind. [potion of mutation]
   371 | Abyss:1  | Gained mutation: Your muscles are strong. (Str +2) [potion of mutation]
   371 | Abyss:1  | Gained mutation: Your system is resistant to poisons. (rPois) [potion of mutation]
   371 | Abyss:1  | Gained mutation: You have sharp fingernails. [potion of mutation]
   408 | Abyss:1  | Noticed a worldbinder
   409 | Abyss:1  | Noticed an ironheart preserver
   409 | Abyss:1  | Noticed a yaktaur
   409 | Abyss:1  | Noticed a yaktaur
   409 | D:1      | Escaped the Abyss
   416 | D:1      | Noticed a swamp worm
   416 | D:1      | Noticed a wolf
   416 | D:1      | Noticed a rime drake
   416 | D:1      | Noticed a black bear
   416 | D:1      | Noticed a worker ant
   439 | D:1      | Reached skill level 1 in Dodging
   462 | D:1      | Reached * piety under Lugonu
   465 | D:1      | Gained mutation: You have sharp toenails. [demonic ancestry]
   465 | D:1      | Reached XP level 2. HP: 5/24 MP: 4/4
   465 | D:1      | HP: 1/24 [kobold (1)]
   466 | D:1      | Slain by a bat

Skill      XL: |  1 |
---------------+----+-----
Dodging        | 1 |  1.1
Fighting       | |  3.1
Long Blades    | |  1.9
Armour         | |  1.9
Invocations    | |  2.6

Action                   || total
-------------------------++-------
Melee: Falchion          ||    20
Invok: Depart the Abyss  ||     1
  Use: Scroll            ||     1
       Potion            ||     1
Armor: Leather armour    ||    11
Dodge: Dodged            ||    28
       Rpst.: Falchion   ||    12
